 Dungeon Crawl Stone Soup version 0.27.1 (webtiles) character file.

Game seed: 15869625581493246274

177 ZARRMARR the Insei (level 5, -1/33 HPs)
             Began as an Octopode Transmuter on Aug 29, 2021.
             Was an Initiate of Ru.
             Slain by a goblin (3 damage)
             ... on level 3 of the Dungeon.
             The game lasted 00:12:28 (3091 turns).

ZARRMARR the Insei (Octopode Transmuter)            Turns: 3091, Time: 00:12:31

Health: -1/33      AC:  1    Str:  9    XL:     5   Next: 57%
Magic:  7/9        EV: 13    Int: 17    God:    Ru [......]
Gold:   105        SH:  0    Dex: 12    Spells: 9/10 levels left

rFire    . . .     SeeInvis .     - Unarmed
rCold    . . .     Faith    .   (no shield)
rNeg     . . .     Spirit   .   (helmet currently unavailable)
rPois    .         Reflect  .   (no amulet)
rElec    .         Harm     .   (no ring)
rCorr    .         Rampage  .   (no ring)
Will     .....                  (no ring)
Stlth    +++.......             (no ring)
HPRegen  0.11/turn              (no ring)
MPRegen  0.11/turn              (no ring)
                                (no ring)
                                (no ring)

@: appendages, very slightly contaminated
A: tentacle spike 3, almost no armour, amphibious, 8 rings, camouflage 1,
gelatinous body 1, (nimble swimmer 1), tentacles
a: End Transformation, Renounce Religion


You were on level 3 of the Dungeon.
You worshipped Ru.
Ru was noncommittal.
One of your tentacles had grown a beastly spike.
You visited 2 branches of the dungeon, and saw 5 of its levels.

You collected 105 gold pieces.

Inventory:

Missiles
 h - a throwing net
Magical Staves
 g - a staff of conjuration
Scrolls
 b - a scroll of teleportation
 d - a scroll of immolation
 e - a scroll of vulnerability {unknown}
 i - a scroll of torment
Potions
 a - 4 potions of curing
 c - a potion of invisibility {unknown}
 f - a potion of flight {unknown}


   Skills:
 + Level 1.1 Fighting
 + Level 2.6 Dodging
 + Level 1.9 Stealth
 + Level 4.2 Unarmed Combat
 + Level 3.1 Spellcasting
 + Level 2.9 Transmutations


You had 9 spell levels left.
You knew the following spells:

 Your Spells              Type           Power      Damage    Failure   Level
a - Beastly Appendage     Tmut           24%        N/A       5%          1

Your spell library contained the following spells:

 Spells                   Type           Power      Damage    Failure   Level
 Wereblood                Tmut           12%        N/A       8%          2
 Spider Form              Tmut/Pois      3%         N/A       28%         3
 Ice Form                 Ice/Tmut       7%         N/A       67%         4


Dungeon Overview and Level Annotations

Branches:
Dungeon (4/15)             Temple (1/1) D:4

Altars:
Cheibriados
Dithmenos
Elyvilon
Hepliaklqana
Kikubaaqudgha
Makhleb
Nemelex Xobeh
Ru
Trog
Xom
Yredelemnul
The Shining One

Annotations:
D:3 Grinder


Innate Abilities, Weirdness & Mutations

One of your tentacles has grown a beastly spike.
You cannot wear most types of armour.
You are amphibious.
You can wear up to eight rings at the same time.
Your skin changes colour to match your surroundings (Stealth+).
Your rubbery body absorbs attacks. (AC +1, EV +1)
((You are camouflaged near water. (Stealth+)))
You have tentacles for arms and can constrict up to eight enemies at once.


Message History

You constrict the gnoll, but do no damage.
The gnoll barely misses you. The gnoll closely misses you.
You tentacle-slap the gnoll.
The gnoll is heavily wounded.
You constrict the gnoll, but do no damage.
The gnoll barely misses you.
The gnoll hits you from afar with a +0 spear!
You tentacle-slap the gnoll but do no damage.
The gnoll is heavily wounded.
You constrict the gnoll. The gnoll completely misses you.
The gnoll hits you from afar with a +0 spear.
* * * LOW HITPOINT WARNING * * *
You release your grip on the gnoll.
Your tentacle spike disappears.
There is a stone staircase leading up here.
The gnoll hits you with a +0 club.
* * * LOW HITPOINT WARNING * * *
The gnoll barely misses you.
You climb upwards.
Level annotation: Grinder
Found 24 gold pieces.
Found a stone staircase leading up.
There is a stone staircase leading down here.
The jackal barks!
You see here 8 gold pieces.
A jackal comes into view.
As you read the scroll of teleportation, it crumbles to dust.
You feel strangely unstable. The gnoll hits you with a +0 club.
* * * LOW HITPOINT WARNING * * *
Casting: Beastly Appendage (safe; 5% risk of failure)
Confirm with . or Enter, or press ? or * to list all spells.
You miscast Beastly Appendage.
You are very lightly contaminated with residual magic.
Nothing appears to happen.
The gnoll barely misses you.
Casting: Beastly Appendage (safe; 5% risk of failure)
Confirm with . or Enter, or press ? or * to list all spells.
One of your tentacles grows a vicious spike.
Your surroundings suddenly seem different.
A goblin comes into view. It is wielding a +0 dagger.
Found 11 poisoned darts.
The goblin hits you with a +0 dagger.
You die...

. ######..#
#.@g...#
#(....##
...........
###.....####
#.....#
##...##
#...# #...#


You could see a goblin.

Vanquished Creatures
  A hound skeleton (D:4)
  5 gnolls (D:4)
  5 adders
  An ufetubus (D:4)
  3 orcs (D:4)
  4 ball pythons
  6 endoplasms
  3 giant cockroaches (D:1)
  2 goblins
  6 hobgoblins
  4 jackals (D:1)
  6 kobolds
  6 quokkas
  6 bats
  3 frilled lizards
  3 rats
64 creatures vanquished.

Notes
Turn   | Place    | Note
-------+----------+-------------------------------------------
     0 | D:1      | ZARRMARR the Octopode Transmuter began the quest for the
                  | Orb.
     0 | D:1      | Reached XP level 1. HP: 13/13 MP: 3/3
   105 | D:1      | Reached XP level 2. HP: 18/18 MP: 5/5
   405 | D:1      | Reached XP level 3. HP: 23/23 MP: 4/6
   408 | D:1      | Reached skill level 1 in Stealth
   626 | D:1      | Found a faded altar of an unknown god.
  1277 | D:2      | Reached XP level 4. HP: 20/28 MP: 7/7
  2028 | D:3      | Found a glowing golden altar of the Shining One.
  2085 | D:3      | Reached skill level 4 in Unarmed Combat
  2195 | D:3      | Found a shadowy altar of Dithmenos.
  2198 | D:3      | Noticed Grinder
  2204 | D:3      | Paralysed by Grinder for 4 turns
  2267 | D:4      | Reached XP level 5. HP: 30/33 MP: 9/9
  2781 | D:4      | Found a staircase to the Ecumenical Temple.
  2793 | Temple   | Entered the Ecumenical Temple
  2996 | Temple   | Became a worshipper of Ru the Awakened
  3091 | D:3      | Slain by a goblin

Illustrated notes

Levels and vault maps discovered:
D:1:      dpeg_arrival_tiny_a, layout_loops_ring,
          dreamdust_ecumenical_altar_hidden_monk_grotto,
          amcnicky_mini_pool_small, grunt_decor_clamped
D:2:      layout_basic, dk_noncrumbling_3
D:3:      layout_basic, nicolae_dithmenos_the_darkroom,
          nicolae_tso_carved_into_rock, uniq_grinder
D:4:      layout_basic, minmay_temple_entry_antechambers
Temple:   jpeg_temple_alley_garden

Skill      XL: |  1  2  3  4  5 |
---------------+----------------+-----
Stealth        | 1 |  1.9
Unarmed Combat | 4 |  4.2
Spellcasting   | 3 |  3.1
Fighting       | |  1.1
Dodging        | |  2.6
Transmutations | |  2.9

Action                   |  1- 3 |  4- 6 || total
-------------------------+-------+-------++-------
Melee: Unarmed           |    83 |    73 ||   156
       Constrict         |    24 |    16 ||    40
       Kick              |    20 |    18 ||    38
       Tentacles         |    11 |     9 ||    20
       Punch             |     5 |     1 ||     6
 Cast: Beastly Appendage |    23 |    18 ||    41
  Use: Scroll            |     3 |     2 ||     5
 Stab: Sleeping          |     5 |     3 ||     8
Armor: Skin              |     8 |     3 ||    11
Dodge: Dodged            |    52 |    57 ||   109
